2766 views
Uploaded 2020-02-28 18:44:53
Game version 1.32.2
40:26 long 4on4 ladder game on (8)NerubianPassage
Saved by iggythefisk
2766 views
Uploaded 2020-02-28 18:44:53
Game version 1.32.2
40:26 long 4on4 ladder game on (8)NerubianPassage


220 units @ 37.8k
/ 6.7k
87 buildings @ 14.7k
/ 7.1k

| Orb of Venom | 1 | 325 |
| Potion of Mana | 1 | 200 |
| Anti-magic Potion | 3 | 300 |
| Moonstone | 1 | 50 |
| Scroll of Town Portal | 4 | 1400 |
| Staff of Teleportation | 1 | 150 |
| Potion of Lesser Invulnerability | 1 | 150 |
| Orb of Lightning | 1 | 375 |
| total: | 13 | 2950g |
| Wisp | 24 | 1440 | / | 0 |
| Archer | 5 | 650 | / | 50 |
| Dryad | 7 | 1015 | / | 420 |
| Mountain Giant | 6 | 2100 | / | 600 |
| Chimaera | 7 | 2310 | / | 490 |
| Goblin Shredder | 1 | 375 | / | 100 |
| total: | 50 | 7890g | / | 1660w |
| Ancient Protector | 7 | 945 | / | 560 |
| Altar of Elders | 1 | 180 | / | 50 |
| Moon Well | 6 | 1080 | / | 240 |
| Ancient of War | 4 | 600 | / | 240 |
| Hunter's Hall | 1 | 210 | / | 100 |
| Tree of Life | 2 | 680 | / | 370 |
| Ancient of Wonders | 1 | 90 | / | 30 |
| Ancient of Lore | 3 | 465 | / | 435 |
| Chimaera Roost | 4 | 560 | / | 760 |
| Tree of Ages | 1 | 320 | / | 180 |
| Tree of Eternity | 1 | 330 | / | 200 |
| total: | 29 | 4810g | / | 2785w |
| 0:02 | Wisp |
| 0:02 | Wisp |
| 0:07 | Altar of Elders |
| 0:15 | Wisp |
| 0:30 | Moon Well |
| 0:33 | Wisp |
| 0:56 | Wisp |
| 1:10 | Ancient of War |
| 1:20 | Wisp |
| 1:26 | Moon Well |
| 1:34 | Wisp |
| 1:46 | Wisp |
| 1:58 | Ancient of War |
| 2:02 | Ancient of War |
| 2:04 | Ancient of War |
| 2:06 | Wisp |
| 2:07 | Wisp |
| 2:09 | Wisp |
| 2:10 | Wisp |
| 2:14 | Archer |
| 2:21 | Fan of Knives |
| 2:39 | Archer |
| 2:57 | Archer |
| 3:02 | Hunter's Hall |
| 3:15 | Archer |
| 3:27 | Archer |
| 3:47 | Moon Well |
| 4:17 | Tree of Ages |
| 4:39 | Moon Well |
| 4:42 | Ultravision |
| 5:21 | Blink |
| 5:26 | Tree of Life |
| 5:41 | Strength of the Moon |
| 5:43 | Strength of the Wild |
| 5:47 | Moon Well |
| 5:54 | Moon Well |
| 6:43 | Tree of Eternity |
| 6:45 | Improved Strength of the Wild |
| 6:58 | Ancient of Lore |
| 7:09 | Ancient of Lore |
| 7:14 | Fan of Knives |
| 8:01 | Ancient of Wonders |
| 8:23 | Abolish Magic |
| 8:24 | Dryad |
| 8:55 | Goblin Shredder |
| 9:04 | Wisp |
| 9:04 | Wisp |
| 9:04 | Wisp |
| 9:05 | Wisp |
| 9:05 | Wisp |
| 9:10 | Well Spring |
| 9:12 | Dryad |
| 9:18 | Dryad |
| 9:47 | Orb of Venom |
| 10:05 | Hardened Skin |
| 10:37 | Resistant Skin |
| 10:45 | Advanced Strength of the Wild |
| 11:19 | Mountain Giant |
| 11:21 | Mountain Giant |
| 11:24 | Reinforced Hides |
| 11:37 | Blink |
| 12:13 | Dryad |
| 12:14 | Mountain Giant |
| 12:15 | Dryad |
| 13:05 | Nature's Blessing |
| 13:12 | Ancient of Lore |
| 13:18 | Dryad |
| 13:20 | Dryad |
| 13:31 | Potion of Mana |
| 13:31 | Anti-magic Potion |
| 13:54 | Improved Reinforced Hides |
| 14:09 | Fan of Knives |
| 14:11 | Mountain Giant |
| 16:45 | Scroll of Town Portal |
| 16:46 | Anti-magic Potion |
| 16:47 | Anti-magic Potion |
| 16:51 | Mountain Giant |
| 16:51 | Mountain Giant |
| 17:36 | Chimaera Roost |
| 17:40 | Chimaera Roost |
| 17:40 | Chimaera Roost |
| 17:50 | Chimaera Roost |
| 17:55 | Advanced Reinforced Hides |
| 19:26 | Corrosive Breath |
| 19:40 | Tree of Life |
| 20:05 | Improved Strength of the Moon |
| 20:05 | Moon Armor |
| 20:07 | Druid of the Claw Adept Training |
| 20:36 | Druid of the Claw Master Training |
| 21:02 | Wisp |
| 21:02 | Wisp |
| 21:15 | Mark of the Claw |
| 22:28 | Chimaera |
| 22:34 | Ancient Protector |
| 22:55 | Chimaera |
| 23:01 | Advanced Strength of the Moon |
| 23:09 | Wisp |
| 23:09 | Wisp |
| 23:09 | Wisp |
| 23:10 | Wisp |
| 23:10 | Wisp |
| 24:23 | Chimaera |
| 24:48 | Ancient Protector |
| 25:53 | Staff of Teleportation |
| 25:54 | Potion of Lesser Invulnerability |
| 26:48 | Spirit of Vengeance |
| 27:35 | Scroll of Town Portal |
| 27:39 | Ancient Protector |
| 27:39 | Ancient Protector |
| 27:40 | Ancient Protector |
| 27:41 | Ancient Protector |
| 27:41 | Ancient Protector |
| 30:02 | Chimaera |
| 30:12 | Chimaera |
| 31:01 | Scroll of Town Portal |
| 31:04 | Orb of Lightning |
| 33:50 | Chimaera |
| 33:51 | Chimaera |
| 33:56 | Blink |
| 34:41 | Moonstone |
| 37:23 | Scroll of Town Portal |
| Right click | 1476 |
| Select group | 829 |
| Select | 419 |
| Build/train/purchase | 135 |
| Use ability | 62 |
| Resource trade | 26 |
| Assign group | 19 |
| Misc. action | 13 |
| Remove unit | 10 |
| Minimap ping | 8 |
| Item give/drop | 7 |
DJZpdlrutsi
(2)
(39:42) : 

| Lesser Clarity Potion | 1 | 70 |
| Staff of Preservation | 2 | 300 |
| Moonstone | 2 | 100 |
| Anti-magic Potion | 1 | 100 |
| Scroll of Town Portal | 5 | 1750 |
| Circlet of Nobility | 1 | 175 |
| total: | 12 | 2495g |
| Wisp | 19 | 1140 | / | 0 |
| Archer | 16 | 2080 | / | 160 |
| Hippogryph | 8 | 1280 | / | 160 |
| Chimaera | 10 | 3300 | / | 700 |
| Dryad | 6 | 870 | / | 360 |
| total: | 59 | 8670g | / | 1380w |
| Ancient Protector | 6 | 810 | / | 480 |
| Moon Well | 10 | 1800 | / | 400 |
| Ancient of War | 2 | 300 | / | 120 |
| Altar of Elders | 1 | 180 | / | 50 |
| Ancient of Wonders | 1 | 90 | / | 30 |
| Hunter's Hall | 1 | 210 | / | 100 |
| Tree of Life | 1 | 340 | / | 185 |
| Ancient of Wind | 2 | 300 | / | 280 |
| Ancient of Lore | 1 | 155 | / | 145 |
| Chimaera Roost | 2 | 280 | / | 380 |
| Tree of Ages | 1 | 320 | / | 180 |
| Tree of Eternity | 1 | 330 | / | 200 |
| total: | 27 | 4465g | / | 2170w |
| 0:03 | Wisp |
| 0:03 | Wisp |
| 0:10 | Moon Well |
| 0:13 | Ancient of War |
| 0:23 | Wisp |
| 0:31 | Wisp |
| 0:48 | Wisp |
| 0:59 | Wisp |
| 1:05 | Wisp |
| 1:14 | Archer |
| 1:25 | Altar of Elders |
| 1:29 | Moon Well |
| 1:37 | Archer |
| 1:37 | Archer |
| 1:37 | Archer |
| 1:44 | Wisp |
| 1:56 | Archer |
| 1:56 | Archer |
| 1:56 | Archer |
| 2:14 | Archer |
| 2:22 | Archer |
| 2:28 | Black Arrow |
| 2:34 | Wisp |
| 2:49 | Archer |
| 3:05 | Moon Well |
| 3:33 | Tree of Ages |
| 3:46 | Ancient of Wonders |
| 4:03 | Archer |
| 4:07 | Silence |
| 4:21 | Archer |
| 4:27 | Moon Well |
| 5:19 | Black Arrow |
| 5:44 | Ancient of War |
| 5:59 | Improved Bows |
| 6:03 | Ancient of Wind |
| 6:04 | Ancient of Wind |
| 6:05 | Wisp |
| 6:05 | Wisp |
| 6:26 | Circlet of Nobility |
| 6:33 | Silence |
| 6:46 | Hunter's Hall |
| 6:47 | Moon Well |
| 6:57 | Trueshot Aura |
| 7:33 | Archer |
| 7:34 | Hippogryph |
| 8:03 | Archer |
| 8:17 | Searing Arrows |
| 8:36 | Hippogryph |
| 8:41 | Archer |
| 9:21 | Archer |
| 9:23 | Hippogryph |
| 10:14 | Tree of Life |
| 10:26 | Lesser Clarity Potion |
| 10:29 | Staff of Preservation |
| 10:39 | Tree of Eternity |
| 10:41 | Strength of the Wild |
| 11:42 | Trueshot Aura |
| 11:51 | Hippogryph |
| 11:52 | Hippogryph |
| 11:55 | Black Arrow |
| 12:18 | Improved Strength of the Wild |
| 13:58 | Searing Arrows |
| 14:14 | Charm |
| 14:31 | Chimaera Roost |
| 14:32 | Chimaera Roost |
| 14:34 | Wisp |
| 14:34 | Wisp |
| 14:34 | Wisp |
| 14:34 | Wisp |
| 14:34 | Wisp |
| 14:36 | Wisp |
| 14:36 | Wisp |
| 14:36 | Wisp |
| 14:38 | Well Spring |
| 14:42 | Hippogryph |
| 14:53 | Reinforced Hides |
| 15:05 | Hippogryph |
| 15:22 | Staff of Preservation |
| 15:24 | Moonstone |
| 15:55 | Corrosive Breath |
| 15:57 | Chimaera |
| 16:41 | Scroll of Town Portal |
| 16:52 | Chimaera |
| 16:53 | Chimaera |
| 17:03 | Nature's Blessing |
| 17:24 | Moon Well |
| 17:25 | Moon Well |
| 17:52 | Advanced Strength of the Wild |
| 18:44 | Trueshot Aura |
| 18:54 | Chimaera |
| 19:31 | Chimaera |
| 19:32 | Chimaera |
| 19:39 | Improved Reinforced Hides |
| 19:41 | Moon Well |
| 19:59 | Ultravision |
| 20:15 | Hippogryph |
| 20:45 | Moon Well |
| 20:45 | Moon Well |
| 21:21 | Chimaera |
| 22:38 | Chimaera |
| 22:52 | Advanced Reinforced Hides |
| 24:10 | Scroll of Town Portal |
| 24:25 | Chimaera |
| 24:37 | Ancient Protector |
| 24:38 | Ancient Protector |
| 24:40 | Ancient Protector |
| 24:41 | Ancient Protector |
| 24:41 | Ancient Protector |
| 24:42 | Ancient Protector |
| 26:38 | Chimaera |
| 27:38 | Scroll of Town Portal |
| 27:38 | Moonstone |
| 28:51 | Ancient of Lore |
| 30:31 | Dryad |
| 30:31 | Dryad |
| 30:31 | Dryad |
| 31:22 | Scroll of Town Portal |
| 32:29 | Dryad |
| 33:33 | Silence |
| 33:40 | Starfall |
| 33:46 | Dryad |
| 33:59 | Scroll of Town Portal |
| 34:09 | Anti-magic Potion |
| 35:41 | Dryad |
| Right click | 2658 |
| Select group | 1923 |
| Select | 463 |
| Build/train/purchase | 151 |
| Misc. action | 115 |
| Assign group | 94 |
| Use ability | 61 |
| Resource trade | 28 |
| Minimap ping | 5 |
| Item give/drop | 4 |

| Healing Salve | 2 | 200 |
| Lesser Clarity Potion | 4 | 280 |
| total: | 6 | 480g |
| Peon | 10 | 750 | / | 0 |
| Grunt | 4 | 800 | / | 0 |
| Raider | 12 | 2160 | / | 480 |
| Demolisher | 16 | 3520 | / | 800 |
| Troll Batrider | 14 | 2240 | / | 560 |
| total: | 56 | 9470g | / | 1840w |
| Altar of Storms | 1 | 180 | / | 50 |
| Orc Burrow | 6 | 960 | / | 240 |
| Voodoo Lounge | 1 | 130 | / | 30 |
| Barracks | 3 | 540 | / | 150 |
| War Mill | 1 | 205 | / | 0 |
| Great Hall | 1 | 385 | / | 185 |
| Beastiary | 3 | 435 | / | 420 |
| Spirit Lodge | 1 | 150 | / | 150 |
| Stronghold | 3 | 945 | / | 570 |
| Fortress | 1 | 325 | / | 190 |
| total: | 17 | 2985g | / | 1225w |
| 0:03 | Peon |
| 0:03 | Peon |
| 0:06 | Altar of Storms |
| 0:10 | Orc Burrow |
| 0:21 | Peon |
| 0:44 | Peon |
| 0:54 | Voodoo Lounge |
| 1:00 | Peon |
| 1:17 | Peon |
| 1:34 | Peon |
| 1:41 | Peon |
| 1:49 | Barracks |
| 1:56 | Orc Burrow |
| 2:00 | Peon |
| 2:12 | Healing Salve |
| 2:13 | Lesser Clarity Potion |
| 2:22 | Lesser Clarity Potion |
| 2:30 | Peon |
| 2:44 | Orc Burrow |
| 2:50 | Wind Walk |
| 3:15 | Grunt |
| 3:39 | Pillage |
| 4:01 | Grunt |
| 4:18 | Orc Burrow |
| 4:24 | War Mill |
| 4:35 | Grunt |
| 4:57 | Stronghold |
| 5:59 | Grunt |
| 6:03 | Orc Burrow |
| 7:39 | Beastiary |
| 7:40 | Beastiary |
| 7:47 | Beastiary |
| 8:08 | Steel Armor |
| 8:10 | Steel Melee Weapons |
| 8:11 | Fortress |
| 8:54 | Raider |
| 8:59 | Healing Salve |
| 9:00 | Lesser Clarity Potion |
| 9:00 | Lesser Clarity Potion |
| 9:17 | Demolisher |
| 9:27 | Raider |
| 9:38 | Raider |
| 10:13 | Raider |
| 10:24 | Raider |
| 10:54 | Orc Burrow |
| 11:27 | Spirit Lodge |
| 11:39 | Thorium Armor |
| 12:25 | Thorium Melee Weapons |
| 13:29 | Raider |
| 13:57 | Witch Doctor Adept Training |
| 14:31 | Ensnare |
| 14:39 | Raider |
| 14:56 | Critical Strike |
| 15:05 | Raider |
| 15:07 | Raider |
| 15:07 | Raider |
| 15:07 | Raider |
| 16:23 | Raider |
| 17:32 | Witch Doctor Master Training |
| 17:57 | Arcanite Armor |
| 18:10 | Barracks |
| 18:22 | Steel Ranged Weapons |
| 18:28 | Burning Oil |
| 18:29 | Demolisher |
| 18:34 | Barracks |
| 19:19 | Demolisher |
| 19:30 | Great Hall |
| 19:59 | Demolisher |
| 20:02 | Demolisher |
| 20:36 | Demolisher |
| 20:57 | Demolisher |
| 20:57 | Demolisher |
| 21:16 | Thorium Ranged Weapons |
| 22:24 | Demolisher |
| 23:51 | Demolisher |
| 24:44 | Demolisher |
| 25:08 | Demolisher |
| 25:24 | Arcanite Ranged Weapons |
| 26:57 | Demolisher |
| 27:27 | Demolisher |
| 28:15 | Demolisher |
| 28:41 | Demolisher |
| 33:04 | Troll Batrider |
| 33:04 | Troll Batrider |
| 33:04 | Troll Batrider |
| 33:04 | Troll Batrider |
| 33:04 | Troll Batrider |
| 33:05 | Troll Batrider |
| 34:10 | Troll Batrider |
| 34:22 | Troll Batrider |
| 35:11 | Liquid Fire |
| 35:12 | Troll Batrider |
| 35:41 | Troll Batrider |
| 36:03 | Troll Batrider |
| 37:48 | Troll Batrider |
| 38:26 | Troll Batrider |
| 39:09 | Troll Batrider |
| Right click | 1652 |
| Select | 408 |
| Select group | 128 |
| Build/train/purchase | 111 |
| Use ability | 33 |
| Resource trade | 32 |
| Assign group | 26 |
| Misc. action | 26 |
| Minimap ping | 6 |
| Esc | 4 |


| Lesser Clarity Potion | 3 | 210 |
| Healing Salve | 3 | 300 |
| Potion of Healing | 6 | 900 |
| Orb of Lightning | 1 | 375 |
| Scroll of Town Portal | 5 | 1750 |
| Staff of Teleportation | 1 | 150 |
| total: | 19 | 3685g |
| Peon | 9 | 675 | / | 0 |
| Wind Rider | 36 | 9540 | / | 1440 |
| Troll Batrider | 10 | 1600 | / | 400 |
| total: | 55 | 11815g | / | 1840w |
| Altar of Storms | 1 | 180 | / | 50 |
| Orc Burrow | 7 | 1120 | / | 280 |
| Voodoo Lounge | 1 | 130 | / | 30 |
| War Mill | 1 | 205 | / | 0 |
| Great Hall | 1 | 385 | / | 185 |
| Beastiary | 3 | 435 | / | 420 |
| Stronghold | 2 | 630 | / | 380 |
| Fortress | 3 | 975 | / | 570 |
| total: | 14 | 2455g | / | 965w |
| 0:03 | Peon |
| 0:04 | Peon |
| 0:07 | Altar of Storms |
| 0:12 | Orc Burrow |
| 0:18 | Peon |
| 0:42 | Peon |
| 0:53 | Voodoo Lounge |
| 1:00 | Peon |
| 1:14 | War Mill |
| 1:17 | Peon |
| 1:17 | Peon |
| 1:31 | Peon |
| 1:43 | Peon |
| 2:04 | Lesser Clarity Potion |
| 2:05 | Lesser Clarity Potion |
| 2:05 | Lesser Clarity Potion |
| 2:05 | Healing Salve |
| 2:08 | Wind Walk |
| 2:28 | Stronghold |
| 2:43 | Orc Burrow |
| 4:04 | Spiked Barricades |
| 4:04 | Steel Ranged Weapons |
| 4:52 | Beastiary |
| 4:55 | Beastiary |
| 4:58 | Beastiary |
| 5:04 | Orc Burrow |
| 5:39 | Orc Burrow |
| 6:04 | Wind Rider |
| 6:14 | Wind Rider |
| 7:11 | Wind Rider |
| 7:12 | Wind Rider |
| 7:49 | Wind Rider |
| 8:06 | Wind Rider |
| 8:10 | Reinforced Defenses |
| 9:14 | Wind Rider |
| 9:31 | Healing Salve |
| 9:47 | Scroll of Town Portal |
| 9:47 | Scroll of Town Portal |
| 9:47 | Scroll of Town Portal |
| 10:13 | Wind Rider |
| 10:14 | Wind Rider |
| 10:34 | Orc Burrow |
| 10:54 | Potion of Healing |
| 11:00 | Thorium Ranged Weapons |
| 11:05 | Steel Armor |
| 11:05 | Thorium Armor |
| 11:05 | Arcanite Armor |
| 11:19 | Critical Strike |
| 12:18 | Wind Rider |
| 12:37 | Orc Burrow |
| 12:57 | Fortress |
| 12:57 | Fortress |
| 13:45 | Wind Rider |
| 14:13 | Critical Strike |
| 14:47 | Wind Rider |
| 15:12 | Troll Batrider |
| 15:48 | Liquid Fire |
| 15:49 | Troll Batrider |
| 16:10 | Wind Walk |
| 16:44 | Orb of Lightning |
| 16:48 | Healing Salve |
| 17:01 | Troll Batrider |
| 17:20 | Scroll of Town Portal |
| 17:51 | Wind Rider |
| 17:52 | Envenomed Spears |
| 18:27 | Potion of Healing |
| 18:34 | Wind Rider |
| 18:54 | Wind Rider |
| 18:54 | Wind Rider |
| 19:16 | Wind Rider |
| 19:16 | Wind Rider |
| 19:16 | Wind Rider |
| 19:41 | Wind Rider |
| 19:41 | Wind Rider |
| 19:41 | Wind Rider |
| 20:05 | Critical Strike |
| 20:12 | Troll Batrider |
| 20:20 | Wind Rider |
| 20:20 | Wind Rider |
| 20:21 | Wind Rider |
| 20:35 | Wind Rider |
| 20:36 | Wind Rider |
| 20:40 | Wind Rider |
| 20:40 | Wind Rider |
| 20:40 | Wind Rider |
| 21:12 | Wind Rider |
| 22:11 | Wind Rider |
| 22:14 | Troll Batrider |
| 23:00 | Orc Burrow |
| 23:56 | Wind Rider |
| 23:56 | Wind Rider |
| 23:57 | Wind Rider |
| 27:26 | Hex |
| 29:09 | Staff of Teleportation |
| 30:54 | Troll Batrider |
| 31:07 | Great Hall |
| 31:27 | Troll Batrider |
| 32:37 | Scroll of Town Portal |
| 32:38 | Potion of Healing |
| 32:41 | Troll Batrider |
| 34:22 | Troll Batrider |
| 36:28 | Troll Batrider |
| 36:47 | Potion of Healing |
| 36:48 | Potion of Healing |
| 36:56 | Potion of Healing |
| 37:03 | Wind Rider |
| Right click | 1670 |
| Select | 432 |
| Build/train/purchase | 182 |
| Select group | 112 |
| Use ability | 48 |
| Assign group | 26 |
| Resource trade | 9 |
| Misc. action | 6 |
| Item give/drop | 4 |
| Remove unit | 2 |
| Minimap ping | 1 |
156 units @ 17.8k
/ 1.9k
307 buildings @ 21.2k
/ 11.7k
iggythefisk
(40:25) : 


x1)
| Lesser Clarity Potion | 2 | 140 |
| Staff of Sanctuary | 3 | 750 |
| Boots of Speed | 3 | 750 |
| Staff of Teleportation | 3 | 450 |
| Circlet of Nobility | 2 | 350 |
| Tome of Retraining | 1 | 300 |
| Periapt of Vitality | 2 | 650 |
| Healing Salve | 1 | 100 |
| Orb of Lightning | 3 | 1125 |
| Pendant of Energy | 1 | 300 |
| total: | 21 | 4915g |
| Peasant | 27 | 2025 | / | 0 |
| Priest | 2 | 270 | / | 20 |
| Dragonhawk Rider | 13 | 2600 | / | 390 |
| Goblin Zeppelin | 1 | 240 | / | 60 |
| total: | 43 | 5135g | / | 470w |
| Scout Tower | 73 | 2190 | / | 1460 |
| Arcane Tower | 8 | 560 | / | 400 |
| Guard Tower | 30 | 2100 | / | 1500 |
| Altar of Kings | 1 | 180 | / | 50 |
| Lumber Mill | 1 | 120 | / | 0 |
| Farm | 8 | 640 | / | 160 |
| Town Hall | 2 | 770 | / | 410 |
| Arcane Vault | 4 | 520 | / | 120 |
| Barracks | 1 | 160 | / | 60 |
| Blacksmith | 1 | 140 | / | 60 |
| Arcane Sanctum | 1 | 150 | / | 140 |
| Gryphon Aviary | 1 | 140 | / | 150 |
| Keep | 2 | 640 | / | 420 |
| Castle | 1 | 360 | / | 210 |
| total: | 93 | 5010g | / | 2610w |
| 0:02 | Peasant |
| 0:06 | Altar of Kings |
| 0:08 | Peasant |
| 0:13 | Peasant |
| 0:34 | Lumber Mill |
| 0:35 | Peasant |
| 0:48 | Farm |
| 0:49 | Peasant |
| 1:00 | Peasant |
| 1:13 | Farm |
| 1:19 | Peasant |
| 1:27 | Peasant |
| 1:34 | Peasant |
| 1:49 | Scout Tower |
| 1:50 | Scout Tower |
| 1:55 | Peasant |
| 1:59 | Improved Masonry |
| 2:06 | Peasant |
| 2:17 | Arcane Tower |
| 2:24 | Summon Water Elemental |
| 2:27 | Peasant |
| 2:30 | Scout Tower |
| 2:41 | Peasant |
| 3:03 | Guard Tower |
| 3:22 | Peasant |
| 3:32 | Guard Tower |
| 3:33 | Scout Tower |
| 3:46 | Farm |
| 3:50 | Farm |
| 3:57 | Farm |
| 4:02 | Peasant |
| 4:06 | Scout Tower |
| 4:08 | Guard Tower |
| 4:10 | Peasant |
| 4:12 | Scout Tower |
| 4:35 | Peasant |
| 4:35 | Peasant |
| 4:35 | Peasant |
| 4:36 | Arcane Tower |
| 4:39 | Arcane Tower |
| 4:45 | Scout Tower |
| 4:45 | Scout Tower |
| 4:59 | Peasant |
| 5:05 | Brilliance Aura |
| 5:07 | Peasant |
| 5:23 | Scout Tower |
| 5:33 | Town Hall |
| 5:45 | Guard Tower |
| 5:45 | Guard Tower |
| 5:46 | Scout Tower |
| 5:47 | Scout Tower |
| 5:48 | Peasant |
| 5:50 | Arcane Tower |
| 5:52 | Scout Tower |
| 6:01 | Healing Salve |
| 6:04 | Lesser Clarity Potion |
| 6:12 | Scout Tower |
| 6:13 | Scout Tower |
| 6:18 | Guard Tower |
| 6:24 | Keep |
| 6:28 | Guard Tower |
| 6:34 | Scout Tower |
| 6:45 | Boots of Speed |
| 6:46 | Staff of Teleportation |
| 6:53 | Guard Tower |
| 7:07 | Guard Tower |
| 7:09 | Guard Tower |
| 7:27 | Peasant |
| 7:28 | Scout Tower |
| 7:43 | Summon Water Elemental |
| 7:49 | Guard Tower |
| 7:56 | Guard Tower |
| 7:57 | Scout Tower |
| 8:01 | Peasant |
| 8:17 | Scout Tower |
| 8:17 | Scout Tower |
| 8:18 | Scout Tower |
| 8:18 | Scout Tower |
| 8:24 | Peasant |
| 8:31 | Guard Tower |
| 8:32 | Scout Tower |
| 8:33 | Scout Tower |
| 9:06 | Arcane Sanctum |
| 9:10 | Advanced Masonry |
| 9:10 | Improved Lumber Harvesting |
| 9:11 | Guard Tower |
| 9:14 | Peasant |
| 9:14 | Peasant |
| 9:29 | Guard Tower |
| 9:31 | Scout Tower |
| 9:33 | Arcane Vault |
| 10:02 | Castle |
| 10:05 | Storm Bolt |
| 10:12 | Goblin Zeppelin |
| 10:34 | Boots of Speed |
| 10:34 | Staff of Teleportation |
| 10:48 | Guard Tower |
| 10:49 | Scout Tower |
| 10:50 | Scout Tower |
| 10:54 | Farm |
| 10:55 | Farm |
| 10:56 | Farm |
| 10:58 | Magic Sentry |
| 10:58 | Priest Adept Training |
| 10:59 | Priest |
| 11:03 | Arcane Tower |
| 11:05 | Scout Tower |
| 11:07 | Scout Tower |
| 11:08 | Scout Tower |
| 12:07 | Guard Tower |
| 12:18 | Scout Tower |
| 12:19 | Scout Tower |
| 12:31 | Guard Tower |
| 12:36 | Scout Tower |
| 12:39 | Imbued Masonry |
| 12:40 | Advanced Lumber Harvesting |
| 13:33 | Guard Tower |
| 13:35 | Scout Tower |
| 13:35 | Scout Tower |
| 13:36 | Scout Tower |
| 13:37 | Scout Tower |
| 13:56 | Scout Tower |
| 13:57 | Scout Tower |
| 13:57 | Scout Tower |
| 14:16 | Arcane Tower |
| 14:23 | Brilliance Aura |
| 14:32 | Bash |
| 15:03 | Priest Master Training |
| 15:03 | Priest |
| 15:07 | Guard Tower |
| 15:09 | Scout Tower |
| 15:10 | Scout Tower |
| 15:10 | Scout Tower |
| 15:11 | Scout Tower |
| 15:11 | Scout Tower |
| 15:12 | Scout Tower |
| 15:25 | Holy Light |
| 15:34 | Arcane Vault |
| 15:37 | Guard Tower |
| 15:40 | Guard Tower |
| 15:41 | Arcane Vault |
| 15:43 | Scout Tower |
| 15:44 | Scout Tower |
| 15:44 | Scout Tower |
| 15:44 | Scout Tower |
| 15:50 | Boots of Speed |
| 15:50 | Staff of Teleportation |
| 15:51 | Circlet of Nobility |
| 16:08 | Tome of Retraining |
| 16:08 | Retrain Hero |
| 16:10 | Periapt of Vitality |
| 16:11 | Blizzard |
| 16:11 | Brilliance Aura |
| 16:27 | Lesser Clarity Potion |
| 17:29 | Guard Tower |
| 17:31 | Arcane Vault |
| 17:35 | Arcane Tower |
| 17:40 | Scout Tower |
| 17:41 | Scout Tower |
| 17:43 | Scout Tower |
| 17:43 | Scout Tower |
| 17:44 | Scout Tower |
| 17:45 | Scout Tower |
| 17:54 | Staff of Sanctuary |
| 18:01 | Staff of Sanctuary |
| 18:16 | Scout Tower |
| 18:16 | Scout Tower |
| 18:16 | Scout Tower |
| 18:17 | Scout Tower |
| 18:17 | Scout Tower |
| 18:18 | Scout Tower |
| 18:19 | Scout Tower |
| 18:19 | Scout Tower |
| 18:23 | Orb of Lightning |
| 18:33 | Staff of Sanctuary |
| 18:45 | Scout Tower |
| 18:45 | Scout Tower |
| 18:46 | Scout Tower |
| 18:47 | Scout Tower |
| 18:47 | Scout Tower |
| 18:48 | Scout Tower |
| 18:50 | Arcane Tower |
| 18:53 | Guard Tower |
| 19:41 | Storm Bolt |
| 20:11 | Guard Tower |
| 20:12 | Divine Shield |
| 20:27 | Circlet of Nobility |
| 20:29 | Periapt of Vitality |
| 21:06 | Gryphon Aviary |
| 21:08 | Barracks |
| 21:09 | Blacksmith |
| 21:14 | Guard Tower |
| 22:03 | Guard Tower |
| 22:22 | Scout Tower |
| 22:40 | Blizzard |
| 22:50 | Dragonhawk Rider |
| 22:51 | Iron Forged Swords |
| 22:51 | Studded Leather Armor |
| 22:51 | Animal War Training |
| 22:55 | Scout Tower |
| 22:55 | Scout Tower |
| 22:57 | Scout Tower |
| 22:58 | Guard Tower |
| 24:11 | Pendant of Energy |
| 24:21 | Guard Tower |
| 24:31 | Steel Forged Swords |
| 25:27 | Dragonhawk Rider |
| 25:29 | Reinforced Leather Armor |
| 26:06 | Bash |
| 26:16 | Dragonhawk Rider |
| 26:16 | Dragonhawk Rider |
| 26:17 | Mithril Forged Swords |
| 26:25 | Holy Light |
| 27:25 | Dragonhide Armor |
| 27:30 | Guard Tower |
| 27:33 | Dragonhawk Rider |
| 28:29 | Dragonhawk Rider |
| 28:46 | Orb of Lightning |
| 31:14 | Dragonhawk Rider |
| 32:10 | Divine Shield |
| 33:48 | Brilliance Aura |
| 33:50 | Storm Bolt |
| 34:30 | Dragonhawk Rider |
| 34:30 | Dragonhawk Rider |
| 34:42 | Orb of Lightning |
| 36:25 | Dragonhawk Rider |
| 36:26 | Dragonhawk Rider |
| 36:41 | Town Hall |
| 39:25 | Dragonhawk Rider |
| 39:25 | Dragonhawk Rider |
| Right click | 2420 |
| Select group | 1401 |
| Select | 595 |
| Assign group | 383 |
| Build/train/purchase | 372 |
| Use ability | 205 |
| Misc. action | 91 |
| Resource trade | 24 |
| Chat | 7 |
| Item give/drop | 4 |
| Minimap ping | 4 |



| Scroll of Regeneration | 1 | 100 |
| Staff of Sanctuary | 3 | 750 |
| Staff of Teleportation | 3 | 450 |
| Boots of Speed | 3 | 750 |
| Healing Salve | 1 | 100 |
| Orb of Lightning | 2 | 750 |
| Runed Bracers | 1 | 400 |
| Sobi Mask | 1 | 400 |
| Gloves of Haste | 1 | 125 |
| Medallion of Courage | 1 | 500 |
| Claws of Attack +12 | 1 | 500 |
| Talisman of Evasion | 1 | 300 |
| total: | 19 | 5125g |
| Peasant | 39 | 2925 | / | 0 |
| Priest | 2 | 270 | / | 20 |
| total: | 41 | 3195g | / | 20w |
| Scout Tower | 120 | 3600 | / | 2400 |
| Arcane Tower | 5 | 350 | / | 250 |
| Guard Tower | 44 | 3080 | / | 2200 |
| Altar of Kings | 2 | 360 | / | 100 |
| Farm | 5 | 400 | / | 100 |
| Lumber Mill | 1 | 120 | / | 0 |
| Arcane Vault | 2 | 260 | / | 60 |
| Town Hall | 3 | 1155 | / | 615 |
| Arcane Sanctum | 2 | 300 | / | 280 |
| Keep | 1 | 320 | / | 210 |
| Castle | 1 | 360 | / | 210 |
| total: | 135 | 6195g | / | 3555w |
| 0:01 | Peasant |
| 0:09 | Altar of Kings |
| 0:15 | Peasant |
| 0:32 | Farm |
| 0:35 | Peasant |
| 0:47 | Peasant |
| 0:54 | Lumber Mill |
| 0:55 | Peasant |
| 1:07 | Farm |
| 1:20 | Peasant |
| 1:27 | Peasant |
| 1:46 | Scout Tower |
| 1:49 | Scout Tower |
| 1:53 | Scout Tower |
| 1:54 | Peasant |
| 1:56 | Improved Masonry |
| 2:07 | Blizzard |
| 2:22 | Arcane Tower |
| 2:24 | Guard Tower |
| 2:53 | Arcane Tower |
| 2:58 | Farm |
| 2:59 | Farm |
| 3:11 | Farm |
| 4:00 | Arcane Vault |
| 4:03 | Scout Tower |
| 4:03 | Scout Tower |
| 4:11 | Peasant |
| 4:29 | Guard Tower |
| 4:31 | Peasant |
| 4:32 | Peasant |
| 4:41 | Staff of Teleportation |
| 4:41 | Boots of Speed |
| 4:47 | Peasant |
| 4:55 | Guard Tower |
| 4:56 | Scout Tower |
| 4:59 | Healing Salve |
| 5:07 | Peasant |
| 5:29 | Brilliance Aura |
| 5:33 | Guard Tower |
| 5:34 | Keep |
| 5:35 | Scout Tower |
| 6:02 | Guard Tower |
| 6:55 | Town Hall |
| 6:57 | Scout Tower |
| 6:58 | Scout Tower |
| 6:58 | Scout Tower |
| 6:59 | Scout Tower |
| 7:04 | Scout Tower |
| 7:28 | Guard Tower |
| 7:34 | Blizzard |
| 7:38 | Guard Tower |
| 8:04 | Guard Tower |
| 8:05 | Scout Tower |
| 8:06 | Scout Tower |
| 8:06 | Scout Tower |
| 8:06 | Scout Tower |
| 8:35 | Advanced Masonry |
| 8:36 | Peasant |
| 8:36 | Peasant |
| 8:44 | Guard Tower |
| 8:47 | Peasant |
| 8:50 | Guard Tower |
| 8:53 | Scout Tower |
| 9:06 | Arcane Sanctum |
| 9:09 | Scout Tower |
| 9:09 | Scout Tower |
| 9:24 | Guard Tower |
| 9:26 | Peasant |
| 9:26 | Peasant |
| 9:31 | Storm Bolt |
| 9:50 | Orb of Lightning |
| 10:07 | Guard Tower |
| 10:19 | Staff of Teleportation |
| 10:20 | Boots of Speed |
| 10:23 | Castle |
| 10:24 | Magic Sentry |
| 10:26 | Peasant |
| 10:49 | Improved Lumber Harvesting |
| 11:01 | Peasant |
| 11:04 | Scout Tower |
| 11:05 | Scout Tower |
| 11:05 | Scout Tower |
| 11:05 | Scout Tower |
| 11:32 | Scout Tower |
| 11:33 | Scout Tower |
| 11:34 | Scout Tower |
| 11:34 | Scout Tower |
| 11:34 | Scout Tower |
| 11:37 | Scout Tower |
| 11:37 | Scout Tower |
| 11:39 | Scout Tower |
| 11:40 | Scout Tower |
| 11:41 | Scout Tower |
| 11:41 | Scout Tower |
| 11:41 | Scout Tower |
| 12:06 | Guard Tower |
| 12:08 | Scroll of Regeneration |
| 12:16 | Guard Tower |
| 13:41 | Scout Tower |
| 13:42 | Scout Tower |
| 13:44 | Scout Tower |
| 13:44 | Scout Tower |
| 13:47 | Guard Tower |
| 13:51 | Arcane Vault |
| 13:55 | Staff of Sanctuary |
| 14:01 | Priest |
| 14:02 | Imbued Masonry |
| 14:02 | Advanced Lumber Harvesting |
| 14:13 | Guard Tower |
| 14:14 | Guard Tower |
| 14:35 | Scout Tower |
| 14:35 | Scout Tower |
| 14:35 | Scout Tower |
| 14:36 | Scout Tower |
| 14:48 | Scout Tower |
| 14:49 | Scout Tower |
| 14:51 | Scout Tower |
| 14:51 | Scout Tower |
| 14:52 | Scout Tower |
| 14:53 | Scout Tower |
| 14:53 | Scout Tower |
| 15:00 | Bash |
| 15:15 | Holy Light |
| 15:34 | Brilliance Aura |
| 15:39 | Guard Tower |
| 15:41 | Scout Tower |
| 15:46 | Staff of Teleportation |
| 15:46 | Boots of Speed |
| 16:00 | Peasant |
| 16:01 | Peasant |
| 16:22 | Guard Tower |
| 16:35 | Runed Bracers |
| 16:42 | Guard Tower |
| 16:53 | Peasant |
| 16:53 | Peasant |
| 17:20 | Orb of Lightning |
| 17:25 | Peasant |
| 17:27 | Priest |
| 17:28 | Peasant |
| 17:39 | Staff of Sanctuary |
| 17:50 | Guard Tower |
| 17:55 | Peasant |
| 18:50 | Staff of Sanctuary |
| 19:05 | Scout Tower |
| 19:05 | Scout Tower |
| 19:06 | Scout Tower |
| 19:06 | Scout Tower |
| 19:13 | Scout Tower |
| 19:14 | Scout Tower |
| 19:14 | Scout Tower |
| 19:15 | Scout Tower |
| 19:15 | Scout Tower |
| 19:16 | Scout Tower |
| 19:19 | Scout Tower |
| 19:19 | Scout Tower |
| 19:19 | Scout Tower |
| 19:20 | Scout Tower |
| 20:00 | Divine Shield |
| 20:17 | Guard Tower |
| 20:22 | Guard Tower |
| 20:23 | Scout Tower |
| 20:24 | Scout Tower |
| 20:24 | Scout Tower |
| 20:25 | Scout Tower |
| 21:03 | Sobi Mask |
| 21:11 | Gloves of Haste |
| 21:26 | Guard Tower |
| 21:28 | Scout Tower |
| 21:29 | Scout Tower |
| 21:29 | Scout Tower |
| 21:30 | Scout Tower |
| 22:07 | Guard Tower |
| 22:13 | Storm Bolt |
| 22:44 | Guard Tower |
| 24:06 | Medallion of Courage |
| 24:50 | Blizzard |
| 25:09 | Holy Light |
| 25:19 | Guard Tower |
| 25:20 | Scout Tower |
| 25:20 | Scout Tower |
| 25:21 | Scout Tower |
| 25:21 | Scout Tower |
| 26:05 | Guard Tower |
| 26:34 | Arcane Sanctum |
| 27:29 | Altar of Kings |
| 28:20 | Claws of Attack +12 |
| 29:19 | Scout Tower |
| 29:19 | Scout Tower |
| 29:19 | Scout Tower |
| 29:20 | Scout Tower |
| 29:22 | Scout Tower |
| 29:22 | Scout Tower |
| 29:24 | Peasant |
| 29:24 | Peasant |
| 30:03 | Scout Tower |
| 30:04 | Scout Tower |
| 30:05 | Scout Tower |
| 30:05 | Scout Tower |
| 30:06 | Scout Tower |
| 30:06 | Scout Tower |
| 30:18 | Bash |
| 30:22 | Divine Shield |
| 30:29 | Scout Tower |
| 30:39 | Guard Tower |
| 30:40 | Scout Tower |
| 30:42 | Scout Tower |
| 30:43 | Scout Tower |
| 30:43 | Scout Tower |
| 30:44 | Scout Tower |
| 30:44 | Peasant |
| 30:44 | Peasant |
| 30:47 | Scout Tower |
| 30:47 | Scout Tower |
| 31:04 | Guard Tower |
| 31:06 | Peasant |
| 31:08 | Guard Tower |
| 31:19 | Guard Tower |
| 31:21 | Peasant |
| 31:22 | Peasant |
| 31:46 | Scout Tower |
| 31:46 | Scout Tower |
| 31:47 | Scout Tower |
| 31:48 | Peasant |
| 31:48 | Peasant |
| 31:50 | Guard Tower |
| 33:19 | Guard Tower |
| 33:21 | Scout Tower |
| 33:21 | Scout Tower |
| 33:22 | Scout Tower |
| 33:23 | Scout Tower |
| 33:23 | Scout Tower |
| 34:17 | Town Hall |
| 35:43 | Guard Tower |
| 35:44 | Guard Tower |
| 36:11 | Peasant |
| 36:12 | Peasant |
| 36:13 | Peasant |
| 36:15 | Guard Tower |
| 36:17 | Scout Tower |
| 36:18 | Scout Tower |
| 36:19 | Scout Tower |
| 36:20 | Scout Tower |
| 36:31 | Scout Tower |
| 36:32 | Scout Tower |
| 37:24 | Talisman of Evasion |
| 37:59 | Scout Tower |
| 38:00 | Scout Tower |
| 38:01 | Scout Tower |
| 38:01 | Scout Tower |
| 38:02 | Scout Tower |
| 38:06 | Guard Tower |
| 38:07 | Arcane Tower |
| 38:08 | Scout Tower |
| 38:09 | Guard Tower |
| 38:09 | Scout Tower |
| 38:39 | Arcane Tower |
| 38:40 | Guard Tower |
| 38:40 | Arcane Tower |
| 38:41 | Guard Tower |
| 38:43 | Town Hall |
| 39:16 | Guard Tower |
| 39:20 | Scout Tower |
| 39:20 | Scout Tower |
| 39:32 | Holy Light |
| Right click | 2434 |
| Select | 1538 |
| Select group | 670 |
| Build/train/purchase | 198 |
| Use ability | 159 |
| Assign group | 152 |
| Chat | 81 |
| Minimap ping | 31 |
| Item give/drop | 7 |
| Resource trade | 6 |
| Misc. action | 5 |


| Healing Salve | 5 | 500 |
| Lesser Clarity Potion | 6 | 420 |
| Orb of Lightning | 2 | 750 |
| Boots of Speed | 2 | 500 |
| Staff of Teleportation | 4 | 600 |
| Circlet of Nobility | 1 | 175 |
| Staff of Sanctuary | 2 | 500 |
| total: | 22 | 3445g |
| Peon | 18 | 1350 | / | 0 |
| Troll Batrider | 28 | 4480 | / | 1120 |
| total: | 46 | 5830g | / | 1120w |
| Watch Tower | 45 | 4950 | / | 3600 |
| Altar of Storms | 1 | 180 | / | 50 |
| Orc Burrow | 4 | 640 | / | 160 |
| War Mill | 1 | 205 | / | 0 |
| Voodoo Lounge | 3 | 390 | / | 90 |
| Great Hall | 4 | 1540 | / | 740 |
| Barracks | 1 | 180 | / | 50 |
| Beastiary | 2 | 290 | / | 280 |
| Stronghold | 1 | 315 | / | 190 |
| Fortress | 1 | 325 | / | 190 |
| total: | 61 | 8375g | / | 4970w |
| 0:03 | Peon |
| 0:03 | Peon |
| 0:06 | Altar of Storms |
| 0:10 | Orc Burrow |
| 0:22 | Peon |
| 0:22 | Peon |
| 0:48 | Peon |
| 1:00 | Peon |
| 1:02 | War Mill |
| 1:09 | Peon |
| 1:21 | Voodoo Lounge |
| 1:30 | Peon |
| 1:49 | Peon |
| 1:52 | Orc Burrow |
| 1:56 | Peon |
| 2:09 | Peon |
| 2:22 | Shockwave |
| 2:25 | Peon |
| 2:25 | Peon |
| 3:06 | Peon |
| 3:21 | Watch Tower |
| 3:22 | Watch Tower |
| 3:23 | Healing Salve |
| 3:23 | Lesser Clarity Potion |
| 3:59 | Stronghold |
| 4:01 | Watch Tower |
| 4:03 | Watch Tower |
| 4:07 | Spiked Barricades |
| 4:21 | Voodoo Lounge |
| 4:31 | Boots of Speed |
| 4:32 | Staff of Teleportation |
| 4:34 | Staff of Teleportation |
| 4:35 | Staff of Teleportation |
| 4:57 | Endurance Aura |
| 5:04 | Watch Tower |
| 5:05 | Watch Tower |
| 5:29 | Voodoo Lounge |
| 5:46 | Orc Burrow |
| 5:50 | Watch Tower |
| 6:23 | Fortress |
| 7:24 | Shockwave |
| 7:27 | Watch Tower |
| 7:42 | Beastiary |
| 7:46 | Watch Tower |
| 7:47 | Watch Tower |
| 7:59 | Hex |
| 8:45 | Healing Salve |
| 8:47 | Lesser Clarity Potion |
| 8:50 | Orb of Lightning |
| 8:52 | Troll Batrider |
| 8:52 | Troll Batrider |
| 9:27 | Reinforced Defenses |
| 9:32 | Beastiary |
| 9:51 | Troll Batrider |
| 10:15 | Healing Wave |
| 10:34 | Troll Batrider |
| 11:07 | Troll Batrider |
| 11:07 | Liquid Fire |
| 11:09 | Boots of Speed |
| 11:11 | Circlet of Nobility |
| 11:46 | Troll Batrider |
| 12:10 | Troll Batrider |
| 12:13 | Orc Burrow |
| 12:24 | Steel Ranged Weapons |
| 12:27 | Watch Tower |
| 12:27 | Watch Tower |
| 13:35 | Troll Batrider |
| 13:45 | Staff of Teleportation |
| 13:59 | Endurance Aura |
| 15:07 | Watch Tower |
| 15:07 | Watch Tower |
| 15:08 | Watch Tower |
| 15:08 | Watch Tower |
| 15:10 | Troll Batrider |
| 15:18 | Lesser Clarity Potion |
| 15:23 | Healing Salve |
| 15:27 | Lesser Clarity Potion |
| 15:57 | Watch Tower |
| 16:01 | Watch Tower |
| 16:11 | Troll Batrider |
| 16:11 | Troll Batrider |
| 16:24 | Staff of Sanctuary |
| 17:16 | Watch Tower |
| 17:16 | Watch Tower |
| 17:17 | Watch Tower |
| 17:17 | Watch Tower |
| 17:32 | Troll Batrider |
| 17:36 | Troll Batrider |
| 17:38 | Peon |
| 17:50 | Watch Tower |
| 18:08 | Healing Wave |
| 18:21 | Great Hall |
| 18:30 | Watch Tower |
| 18:30 | Watch Tower |
| 18:31 | Watch Tower |
| 18:31 | Watch Tower |
| 18:45 | Thorium Ranged Weapons |
| 18:48 | Watch Tower |
| 18:48 | Watch Tower |
| 18:51 | Improved Spiked Barricades |
| 18:56 | Great Hall |
| 19:11 | Lesser Clarity Potion |
| 19:12 | Healing Salve |
| 19:53 | Watch Tower |
| 20:32 | Watch Tower |
| 20:32 | Watch Tower |
| 20:33 | Watch Tower |
| 20:33 | Watch Tower |
| 21:18 | Shockwave |
| 21:23 | Troll Batrider |
| 21:25 | Watch Tower |
| 21:35 | Hex |
| 22:39 | Peon |
| 22:45 | Great Hall |
| 22:47 | Troll Batrider |
| 22:48 | Troll Batrider |
| 22:48 | Troll Batrider |
| 22:54 | Watch Tower |
| 22:55 | Watch Tower |
| 22:55 | Watch Tower |
| 23:09 | Troll Batrider |
| 23:29 | Peon |
| 23:57 | Staff of Sanctuary |
| 24:06 | Orb of Lightning |
| 24:56 | Watch Tower |
| 24:57 | Watch Tower |
| 25:01 | Troll Batrider |
| 26:35 | Troll Batrider |
| 26:35 | Troll Batrider |
| 26:36 | Troll Batrider |
| 27:35 | Troll Batrider |
| 27:44 | Great Hall |
| 27:46 | Watch Tower |
| 27:47 | Barracks |
| 27:52 | Watch Tower |
| 29:29 | Reincarnation |
| 30:02 | Healing Wave |
| 30:30 | Troll Batrider |
| 30:30 | Troll Batrider |
| 31:15 | Watch Tower |
| 31:45 | Peon |
| 32:35 | Arcanite Ranged Weapons |
| 32:40 | Watch Tower |
| 33:45 | Troll Batrider |
| 33:45 | Troll Batrider |
| 36:01 | Healing Salve |
| 36:06 | Lesser Clarity Potion |
| 37:00 | Watch Tower |
| 37:46 | Troll Batrider |
| Right click | 2724 |
| Select group | 1674 |
| Select | 420 |
| Use ability | 250 |
| Build/train/purchase | 164 |
| Misc. action | 105 |
| Minimap ping | 39 |
| Assign group | 25 |
| Chat | 25 |
| Item give/drop | 12 |
| Resource trade | 7 |
| Esc | 4 |
| Remove unit | 1 |


| Potion of Healing | 3 | 450 |
| Lesser Clarity Potion | 1 | 70 |
| Scroll of Regeneration | 1 | 100 |
| Alleria's Flute of Accuracy | 1 | 400 |
| total: | 6 | 1020g |
| Peasant | 9 | 675 | / | 0 |
| Footman | 5 | 675 | / | 0 |
| Rifleman | 7 | 1435 | / | 210 |
| Spell Breaker | 2 | 430 | / | 60 |
| Priest | 1 | 135 | / | 10 |
| Sorceress | 2 | 310 | / | 40 |
| total: | 26 | 3660g | / | 320w |
| Scout Tower | 4 | 120 | / | 80 |
| Arcane Tower | 1 | 70 | / | 50 |
| Guard Tower | 1 | 70 | / | 50 |
| Farm | 8 | 640 | / | 160 |
| Barracks | 1 | 160 | / | 60 |
| Altar of Kings | 1 | 180 | / | 50 |
| Lumber Mill | 1 | 120 | / | 0 |
| Blacksmith | 1 | 140 | / | 60 |
| Arcane Vault | 1 | 130 | / | 30 |
| Arcane Sanctum | 1 | 150 | / | 140 |
| Keep | 1 | 320 | / | 210 |
| total: | 18 | 1640g | / | 580w |
| 0:05 | Peasant |
| 0:05 | Peasant |
| 0:05 | Peasant |
| 0:08 | Peasant |
| 0:21 | Farm |
| 0:24 | Barracks |
| 0:32 | Altar of Kings |
| 0:48 | Farm |
| 1:13 | Peasant |
| 1:13 | Peasant |
| 1:33 | Footman |
| 1:38 | Peasant |
| 1:56 | Peasant |
| 1:57 | Footman |
| 2:15 | Farm |
| 2:49 | Footman |
| 2:53 | Peasant |
| 2:59 | Lumber Mill |
| 3:10 | Keep |
| 3:12 | Summon Water Elemental |
| 3:20 | Footman |
| 3:29 | Blacksmith |
| 3:41 | Arcane Vault |
| 4:12 | Farm |
| 4:24 | Footman |
| 4:27 | Brilliance Aura |
| 4:57 | Rifleman |
| 5:00 | Farm |
| 5:03 | Farm |
| 5:21 | Scout Tower |
| 5:48 | Scout Tower |
| 6:16 | Arcane Tower |
| 6:42 | Potion of Healing |
| 6:43 | Potion of Healing |
| 6:51 | Rifleman |
| 7:00 | Potion of Healing |
| 7:01 | Lesser Clarity Potion |
| 7:14 | Holy Light |
| 7:20 | Arcane Sanctum |
| 7:33 | Scout Tower |
| 7:35 | Farm |
| 7:56 | Rifleman |
| 7:56 | Long Rifles |
| 8:20 | Scroll of Regeneration |
| 8:34 | Guard Tower |
| 8:37 | Scout Tower |
| 8:45 | Spell Breaker |
| 8:45 | Priest |
| 8:45 | Sorceress |
| 9:13 | Rifleman |
| 9:16 | Farm |
| 9:30 | Black Gunpowder |
| 9:31 | Studded Leather Armor |
| 9:52 | Rifleman |
| 10:18 | Spell Breaker |
| 11:11 | Alleria's Flute of Accuracy |
| 11:52 | Summon Water Elemental |
| 12:01 | Rifleman |
| 12:04 | Sorceress |
| 12:14 | Divine Shield |
| 12:24 | Rifleman |
| Right click | 718 |
| Select group | 420 |
| Select | 220 |
| Chat | 109 |
| Build/train/purchase | 86 |
| Assign group | 68 |
| Misc. action | 59 |
| Use ability | 17 |
| Item give/drop | 3 |
| Minimap ping | 1 |
⇛